 Dungeon Crawl Stone Soup version 0.30.1-4-g462c640d31 (webtiles) character file.

Game seed: 4495009876475302135

55 Logoto the Firebug (level 3, -1/28 HPs)
             Began as a Hill Orc Fire Elementalist on Aug 15, 2023.
             Slain by a quokka (3 damage)
             ... on level 4 of the Dungeon on Aug 16, 2023.
             The game lasted 00:12:45 (2043 turns).

Logoto the Firebug (Hill Orc Fire Elementalist)     Turns: 2043, Time: 00:12:46

Health: -1/28      AC:  5    Str: 12    XL:     3   Next: 93%
Magic:  1/6        EV: 12    Int: 15    God:
Gold:   97         SH:  0    Dex: 11    Spells: 3/6 levels left

rFire   . . .        j - staff of conjuration
rCold   . . .        (no shield)
rNeg    . . .        a - +0 robe
rPois   .            (no helmet)
rElec   .            d - +0 cloak
rCorr   .            h - +0 pair of gloves
SInv    .            k - +0 pair of boots
Will    .....        (no amulet)
Stlth   ++           (no ring)
HPRegen 0.24/turn    (no ring)
MPRegen 0.10/turn

%: no passive effects
@: no status effects
A: no striking features
a: no special abilities


You were on level 4 of the Dungeon.
You visited 1 branch of the dungeon, and saw 4 of its levels.

You collected 97 gold pieces.

Inventory:

Hand Weapons
 e - a +0 short sword
Armour
 a - a +0 robe (worn)
 d - a +0 cloak (worn)
 h - a +0 pair of gloves (worn)
 k - a +0 pair of boots (worn)
Magical Staves
 j - a staff of conjuration (weapon)
Scrolls
 f - a scroll of enchant armour
 i - a scroll of enchant weapon {unknown}
 p - a scroll of immolation {unknown}
Potions
 b - a potion of magic
 c - a potion of resistance {unknown}
 m - a potion of heal wounds {unknown}
 n - a potion of curing
 o - a potion of lignification {unknown}


   Skills:
 + Level 1.1 Fighting
 + Level 1.8 Dodging
 + Level 1.7 Stealth
 + Level 1.0 Unarmed Combat
 + Level 2.0 Spellcasting
 + Level 1.1 Conjurations
 + Level 4.0 Fire Magic


You had 3 spell levels left.
You knew the following spells:

 Your Spells              Type           Power      Damage    Failure   Level
a - Foxfire               Conj/Fire      52%        2x1d6     8%          1
b - Scorch                Fire           26%        2d6       6%          2

Your spell library contained the following spells:

 Spells                   Type           Power      Damage    Failure   Level
 Freeze                   Ice            4%         1d3       22%         1
 Inner Flame              Hex/Fire       7%         N/A       28%         3
 Volatile Blastmotes      Fire/Tloc      14%        2d11      28%         3
 Hailstorm                Conj/Ice       4%         3d4       47%         3
 Frozen Ramparts          Ice            2%         1d1       54%         3
 Flame Wave               Conj/Fire      13%        2d6       58%         4


Dungeon Overview and Level Annotations

Branches:
Dungeon (4/15)
 Temple: D:4-7

Altars:

Shops:
D:1 =

Annotations:
D:3 Grinder, Sigmund


Message History

The quokka bites you.
* * * LOW HITPOINT WARNING * * *
Grinder is no longer more vulnerable to fire.
The quokka is no longer more vulnerable to fire.
The quokka barely misses you. The quokka bites you.
* * * LOW HITPOINT WARNING * * *
The quokka bites you but does no damage.
The hobgoblin hits you but does no damage.
The quokka bites you but does no damage.
The hobgoblin hits you but does no damage.
You can move again.
Casting: Scorch (safe; 6% risk of failure)
Confirm with . or Enter, or press ? or * to list all spells.
You don't have enough magic to cast this spell.
Found a stone staircase leading down.
Casting: Scorch (safe; 6% risk of failure)
Confirm with . or Enter, or press ? or * to list all spells.
You feel a surge of power!
You conjure some foxfire!
The quokka bites you but does no damage.
Your foxfire dissipates!
The quokka attacks as you move away! The quokka bites you.
* * * LOW HITPOINT WARNING * * *
The quokka barely misses you. The quokka attacks as you move away!
The quokka bites you.
* * * LOW HITPOINT WARNING * * *
The quokka barely misses you.
Grinder says, "Don't move a muscle."
There is a stone staircase leading down here.
The quokka twitches its whiskers.
The quokka closely misses you.
You climb downwards.
There is a stone staircase leading up here.
You barely miss the quokka.
The quokka is almost dead.
The quokka bites you but does no damage.
You barely miss the quokka.
The quokka is almost dead.
The quokka bites you.
You die...

###########
.......@r.#
#########......
..... ####


You could see a quokka.

Vanquished Creatures
  An adder (D:2)
  A dart slug (D:1)
  3 ball pythons (D:2)
  5 endoplasms
  7 goblins
  4 hobgoblins (D:1)
  2 jackals (D:1)
  5 quokkas
  2 frilled lizards (D:2)
  5 kobolds
  3 rats
38 creatures vanquished.

Vanquished Creatures (others)
  21 foxfires
21 creatures vanquished.

Grand Total: 59 creatures vanquished

Notes
Turn   | Place    | Note
-------+----------+-------------------------------------------
     0 | D:1      | Logoto the Hill Orc Fire Elementalist began the quest for
                  | the Orb.
     0 | D:1      | Reached XP level 1. HP: 14/14 MP: 3/3
   254 | D:1      | Found Gowuqaot's Jewellery Boutique.
   263 | D:1      | Reached XP level 2. HP: 22/22 MP: 2/4
   266 | D:1      | Learned a level 2 spell: Scorch
   621 | D:1      | Reached XP level 3. HP: 23/27 MP: 5/5
   668 | D:1      | Reached skill level 1 in Unarmed Combat
  1442 | D:2      | Found a faded altar of an unknown god.
  1444 | D:2      | Reached skill level 1 in Fighting
  1653 | D:2      | Reached skill level 4 in Fire Magic
  1691 | D:3      | Noticed Sigmund
  2017 | D:3      | Noticed Grinder
  2025 | D:3      | Paralysed by Grinder for 5 turns
  2038 | D:3      | HP: 1/28 [quokka (4)]
  2043 | D:4      | Slain by a quokka

Illustrated notes

Levels and vault maps discovered:
D:1:      psy_arrival_spokes, layout_basic, serial_shops, shop_fountains
D:2:      layout_basic, ebering_ecumenical_altar_abandoned,
          minmay_stone_trees_small
D:3:      layout_loops_cross, uniq_terence, uniq_jessica, uniq_grinder,
          uniq_sigmund
D:4:      layout_loops_ring, vehumet_altar_wand_db, nicolae_gozag_seed_capital,
          grunt_ministairs_12, ebering_dispersal_statue_hall, uniq_duvessa

Skill      XL: |  1  2  3 |
---------------+----------+-----
Unarmed Combat | 1 |  1.0
Fighting       | 1 |  1.1
Fire Magic     | 4 |  4.0
Spellcasting   | 2 |  2.0
Dodging        | |  1.8
Stealth        | |  1.7
Conjurations   | |  1.1

Action                     || total
---------------------------++-------
  Melee: Unarmed           ||    17
         Short sword       ||    31
         Staff             ||    41
   Cast: Foxfire           ||    18
         Scorch            ||    24
    Use: Scroll            ||     4
         Potion            ||     1
   Stab: Sleeping          ||     1
 Armour: Robe              ||    51
  Dodge: Dodged            ||   114
